 Dungeon Crawl Stone Soup version 0.16-a0-269-gd5b6136 (webtiles) character file.

77 Crauler the Digger (level 4, -3/26 HPs)
             Began as a Gargoyle Earth Elementalist on Aug 26, 2014.
             Slain by a gnoll
             ... wielding a +0 flail
              (10 damage)
             ... on Level 2 of the Dungeon.
             The game lasted 00:09:33 (2160 turns).

Crauler the Digger (Gargoyle Earth Elementalist)    Turns: 2160, Time: 00:09:33

HP  -3/26        AC  6     Str  7 (11) XL: 4   Next: 33%
MP   2/8         EV 11     Int 17      God:
Gold 79          SH  0     Dex  5      Spells:  2 memorised,  4 levels left

rFire  . . .     SeeInvis .     j - +0 short sword
rCold  . . .     Clarity  .     c - +0 robe
rNeg   + . .     rCorr    .     (no shield)
rPois  +         rRot     +     (no helmet)
rElec  +         Spirit   .     (no cloak)
SustAb .         Warding  .     u - +0 pair of gloves
rMut   .         Stasis   .     (no boots)
Gourm  .                        (no amulet)
MR     .....                    (no ring)
                                x - cursed -5 ring of dexterity

@: not resistant to hostile enchantments, very unstealthy
A: negative energy resistance 1, electricity resistance, unbreathing,
petrification resistance, rot immunity, AC +3
a: no special abilities


You were on level 2 of the Dungeon.
You were hungry.

You visited 1 branch of the dungeon, and saw 3 of its levels.

You collected 79 gold pieces.

Inventory:

Hand weapons
 h - a +0 dagger
 j - a +0 short sword (weapon)
Missiles
 b - 123 stones (quivered)
Armour
 c - a +0 robe (worn)
 g - a +0 buckler
 u - a +0 pair of gloves (worn)
Comestibles
 a - 3 bread rations
 i - a royal jelly
 m - a chunk of ball python flesh
 o - 3 chunks of hobgoblin flesh
 s - a beef jerky
Scrolls
 f - 2 scrolls of identify
 t - a scroll of teleportation
Jewellery
 l - an uncursed amulet of faith
 q - an uncursed ring of fire
 x - a cursed -5 ring of dexterity (left hand)
Potions
 e - 2 potions of magic {unknown}
 n - a potion of haste {unknown}
Books
 d - a book of Geomancy

   Spells                             Type                      Level
   *Sandblast                         Earth                        1
   Stoneskin                          Transmutation/Earth          2
   Passwall                           Transmutation/Earth          3
   *Stone Arrow                       Conjuration/Earth            3
   Petrify                            Transmutation/Earth          4
   Lee's Rapid Deconstruction         Earth                        5


   Skills:
 + Level 2.1 Fighting
 + Level 2.0 Dodging
 - Level 2.1 Stealth
 + Level 2.5 Spellcasting
 + Level 0.0 Conjurations
   Level 0.7 Transmutations
 * Level 4.4 Earth Magic


You had 4 spell levels left.
You knew the following spells:

 Your Spells              Type           Power        Failure   Level  Hunger
a - Sandblast             Erth           ###...       2%          1    #......
b - Stone Arrow           Conj/Erth      #.....       24%         3    ###....


Dungeon Overview and Level Annotations

Branches:
Dungeon (3/15)

Altars:


Innate Abilities, Weirdness & Mutations

You are resistant to torment.
You are immune to poison.
Your stone body is very resilient (AC +3).
You resist negative energy.
You are resistant to electric shocks.
You can survive without breathing.
You are immune to petrification.
You are immune to rotting.


Message History

* * * LOW HITPOINT WARNING * * *
You climb upwards.
There is a stone staircase leading down here.
Casting: Sandblast
Confirm with . or Enter, or press ? or * to list all spells.
Aiming: Stone Arrow
Press: ? - help, Shift-Dir - straight line, f - gnoll
Aim: a gnoll, wielding a flail The stone arrow hits the gnoll.
The gnoll is heavily wounded.
You are feeling hungry.
The gnoll misses you. The gnoll closely misses you.
Casting: Stone Arrow
Confirm with . or Enter, or press ? or * to list all spells.
Aiming: Stone Arrow
Press: ? - help, Shift-Dir - straight line, f/p - gnoll
Aim: a gnoll, wielding a flail (heavily wounded)
The stone arrow misses the gnoll.
The gnoll barely misses you. The gnoll hits you with a flail!
You die...

#.###.####.#
#.###........#
#.##.......##
#.# #.########
#.##........#
#.# #.#
#.##.######.#
#.# #.# #.##.#
#.# #.# #.#
##.##.# #.#
#.# #.#
#...#.# #.#
#.# #.#
......#
####.###g# #.#
#...###
#......g@# #.#
##.##
###.##.#####
#.######
#.####......#
#......####
#........####
######...<#
######.###
#....# #.#
##...# #%#
##.## #.# #.#
#.# #.#


You could see 2 gnolls.

Vanquished Creatures
  An adder (D:2)
  A gnoll (D:2)
  2 worms (D:2)
  An ooze (D:1)
  2 giant cockroaches
  5 goblins
  8 hobgoblins
  4 jackals (D:2)
  8 kobolds
  A ball python (D:2)
  4 bats
  3 giant newts
  3 rats (D:1)
43 creatures vanquished.

Notes
Turn   | Place    | Note
--------------------------------------------------------------
     0 | D:1      | Crauler, the Gargoyle Earth Elementalist, began the quest for the Orb.
     0 | D:1      | Reached XP level 1. HP: 10/10 MP: 3/3
   205 | D:1      | Reached skill level 4 in Earth Magic
   240 | D:1      | Reached XP level 2. HP: 4/16 MP: 2/4
   796 | D:1      | Reached skill level 1 in Fighting
  1313 | D:2      | Reached XP level 3. HP: 11/20 MP: 1/6
  1725 | D:2      | Reached XP level 4. HP: 12/26 MP: 5/8
  2075 | D:3      | Learned a level 3 spell: Stone Arrow
  2160 | D:2      | Slain by a gnoll

Action                   |  1- 3 |  4- 6 || total
-------------------------+-------+-------++-------
Melee: Dagger            |    15 |       ||    15
       Unarmed           |     3 |       ||     3
       Short sword       |   135 |    42 ||   177
 Cast: Sandblast         |    15 |     2 ||    17
       Stone Arrow       |       |     2 ||     2
  Use: Potion            |     4 |       ||     4
       Scroll            |     3 |       ||     3
 Stab: Sleeping          |     1 |     1 ||     2
  Eat: Chunk             |     3 |     1 ||     4
